 Dungeon Crawl Stone Soup version 0.30.0-5-g1a98f26d00 (webtiles) character file.

Game seed: 3037553696619402676

13 retardedninja the Shield-Bearer (level 2, -11/27 HPs)
             Began as a Minotaur Fighter on May 8, 2023.
             Mangled by a kobold
             ... wielding a +1 short sword of electrocution
              (20 damage)
             ... on level 1 of the Dungeon.
             The game lasted 00:00:45 (178 turns).

retardedninja the Shield-Bearer (Minotaur Fighter)   Turns: 178, Time: 00:00:45

Health: -11/27     AC:  7    Str: 20    XL:     2   Next: 24%
Magic:  1/1        EV:  9    Int:  5    God:
Gold:   39         SH:  4    Dex:  9    Spells: 1/1 levels left

rFire   . . .        a - +0 war axe
rCold   . . .        c - +0 buckler
rNeg    . . .        b - +0 scale mail
rPois   .            (helmet restricted)
rElec   .            (no cloak)
rCorr   .            (no gloves)
SInv    .            (no boots)
Will    .....        (no amulet) Stlth
                     (no ring)
HPRegen 0.24/turn    (no ring)
MPRegen 0.07/turn

%: no passive effects
@: no status effects
A: horns 2, retaliatory headbutt
a: no special abilities


You were on level 1 of the Dungeon.
You visited 1 branch of the dungeon, and saw 1 of its levels.

You collected 39 gold pieces.

Inventory:

Hand Weapons
 a - a +0 war axe (weapon)
Armour
 b - a +0 scale mail (worn)
 c - a +0 buckler (worn)
Scrolls
 f - a scroll of noise {unknown}
 g - a scroll of enchant weapon {unknown}
 h - a scroll of blinking {unknown}
Potions
 d - a potion of might
 e - a potion of haste {unknown}


   Skills:
 + Level 3.9 Fighting
 + Level 2.6 Axes
 + Level 3.8 Armour
 + Level 4.0 Shields


You had one spell level left.
You didn't know any spells.
Your spell library was empty.

Dungeon Overview and Level Annotations

Branches:
Dungeon (1/15)

Altars:


Innate Abilities, Weirdness & Mutations

You have a pair of horns on your head.
You reflexively headbutt those who attack you in melee.


Message History

No target in view!
Key pressed, stopping explore.
No target in view!
A frilled lizard, 2 jackals, a quokka and a hobgoblin come into view.
Found a notched steel ring and a leather armour.
The jackal barks!
The hobgoblin shouts!
A jackal comes into view.
A ball python comes into view.
There are monsters nearby!
There are monsters nearby!
There are monsters nearby!
A jackal and a kobold come into view.
The kobold is wielding a +1 short sword of electrocution.
The jackal barks!
The kobold shouts!
The ball python hisses angrily.
The frilled lizard bites you.
You closely miss the frilled lizard. The frilled lizard closely misses you.
You furiously retaliate!
You headbutt the frilled lizard.
You kill the frilled lizard!
The jackal misses you.
Unknown command.
You hit the jackal but do no damage.
Unknown command.
You closely miss the quokka. Your headbutt misses the quokka.
You barely miss the jackal. You hit the kobold but do no damage.
The jackal bites you. The quokka closely misses you. You furiously retaliate!
You headbutt the quokka!
You kill the quokka!
The kobold hits you but does no damage.
The jackal bites you but does no damage.
The kobold hits you with a +1 short sword of electrocution.
You are electrocuted!
Ouch! That really hurt!
You block the hobgoblin's attack. The ball python barely misses you. x2
You are too injured to fight recklessly!
Unknown command.
You are too injured to fight recklessly!
You are too injured to fight recklessly!
The kobold attacks as you move away! The kobold hits you but does no damage.
You are electrocuted!!
Ouch! That really hurt!
You die...

..#........#
..#........# #.........
.............
+.......[.
..####.######
#......... †.# #.#
#......... ### #.#
#......... # #.#
#.h....... ######.#
####hgh...... .....#.#
###....@Kh...=.
####.#.#
#....#.#S....#.
.......# #.#..#.#.....#
.###..####.#....##....#
.####.##...#..........#
.............#####....#
.........##.## ...#
#######.###.# ...# #
#.# #..


You could see 4 jackals, a hobgoblin, a ball python and a kobold.

Vanquished Creatures
  A dart slug (D:1)
  An endoplasm (D:1)
  2 goblins (D:1)
  2 hobgoblins (D:1)
  A quokka (D:1)
  A frilled lizard (D:1)
  2 rats (D:1)
10 creatures vanquished.

Notes
Turn   | Place    | Note
-------+----------+-------------------------------------------
     0 | D:1      | retardedninja the Minotaur Fighter began the quest for the
                  | Orb.
     0 | D:1      | Reached XP level 1. HP: 19/19 MP: 0/0
   135 | D:1      | Reached XP level 2. HP: 27/27 MP: 1/1
   170 | D:1      | Reached skill level 4 in Shields
   178 | D:1      | Mangled by a kobold

Illustrated notes

Levels and vault maps discovered:
D:1:      dpeg_arrival_round_c, layout_basic

Skill      XL: |  1  2 |
---------------+-------+-----
Shields        | 4 |  4.0
Fighting       | |  3.9
Axes           | |  2.6
Armour         | |  3.8

Action                     || total
---------------------------++-------
  Melee: War axe           ||    18
         Headbutt          ||     1
 Armour: Scale mail        ||     6
  Dodge: Dodged            ||    12
  Block: Buckler           ||     4
